AoeStats
← Tonir

Arena

509671716Analyzed
2v2 RM · 6d ago on Sep 27, 2026· 42m 4s· 4 players
Game mode
Random Map
Map size
Medium (4 player)
Population
200
Speed
Normal
Resources
Standard
Victory
Conquest
Starting age
Dark Age
Ending age
Imperial Age
RankedLock teamsTeams togetherTeam positionsShared explorationLock speedFull tech treeHidden civsTurbo modeCheats
Victory
Defeat
🇪🇸 Burgundians · Spain
904
+15
🇪🇸 Bohemians · Spain
793
+20
🇧🇷 Mongols · Brazil
892
-18
🇺🇸 Poles · United States
877
-17
lemuel_db
9:08 Feudal Age
9:47 Double-Bit Axe
9:53 Gold Mining
10:00 Horse Collar
10:32 Loom
19:09 Castle Age
18:30 Forging
20:11 Heavy Plow
20:23 Bow Saw
20:06 Stone Mining
20:51 Gold Shaft Mining
20:11 Stone Mining
21:02 Wheelbarrow
21:01 Town Watch
22:51 Light Cavalry
23:41 Bloodlines
24:37 Scale Barding Armor
25:47 Bloodlines
26:42 Husbandry
26:46 Fletching
28:06 Hand Cart
30:07 Stone Shaft Mining
32:44 Imperial Age
29:49 Elite Skirmisher
30:53 Padded Archer Armor
30:48 Bodkin Arrow
31:28 Iron Casting
31:14 Chain Barding Armor
31:50 Thumb Ring
38:23 Hussar
41:00 Hoardings
Charles Revenge
0:32 Loom
11:11 Feudal Age
13:05 Wheelbarrow
13:49 Double-Bit Axe
14:17 Horse Collar
19:59 Castle Age
20:16 Pikeman
21:40 Bow Saw
24:38 Scale Mail Armor
27:54 Chain Mail Armor
27:14 Light Cavalry
32:27 Imperial Age
30:25 Hand Cart
33:41 Bloodlines
33:43 Scale Barding Armor
36:50 Winged Hussar
37:56 Chain Barding Armor
37:48 Forging
38:23 Squires
39:26 Fletching
39:39 Heavy Plow
39:42 Elite Skirmisher
Tonir
11:39 Feudal Age
12:50 Double-Bit Axe
15:35 Horse Collar
17:18 Loom
21:31 Castle Age
22:54 Bow Saw
23:22 Heavy Plow
24:01 Padded Archer Armor
25:06 Chemistry
24:28 Ballistics
25:41 Leather Archer Armor
28:50 Murder Holes
33:35 Imperial Age
32:14 Wheelbarrow
31:40 Pikeman
32:22 Squires
32:27 Scale Mail Armor
34:49 Halberdier
38:41 Forging
38:47 Chain Mail Armor
39:04 Ring Archer Armor
38:36 Halberdier
39:02 Arson
Macedonius
4:56 Double-Bit Axe
11:28 Feudal Age
12:43 Loom
15:20 Castle Age
14:35 Bow Saw
14:52 Gold Mining
15:41 Horse Collar
17:36 Sanctity
22:20 Stone Mining
24:05 Stone Shaft Mining
25:49 Two-Man Saw
25:39 Wheelbarrow
26:05 Town Watch
27:30 Burgundian Vineyards
31:09 Imperial Age
30:05 Scale Barding Armor
30:34 Hand Cart
31:25 Heavy Plow
33:16 Chemistry
32:25 Treadmill Crane
35:07 Chain Barding Armor
35:49 Forging
37:46 Plate Barding Armor
37:48 Iron Casting
37:41 Conscription
38:44 Elite Coustillier
Connection lost

Rejoining the realm…

Still unreachable

The connection could not be restored.

Session expired

The server has moved on; the page needs a fresh start.